 Dungeon Crawl Stone Soup version 0.18.1-48-g4cf74bf (webtiles) character file.

120 Krapule the Caller (level 5, -7/39 HPs)
             Began as a Merfolk Summoner on June 30, 2016.
             Killed from afar by a white imp (9 damage)
             ... with a puff of frost
             ... summoned by Reyan's ghost
             ... on level 3 of the Dungeon.
             The game lasted 00:09:22 (2356 turns).

Krapule the Caller (Merfolk Summoner)               Turns: 2356, Time: 00:09:23

Health: -7/39      AC:  3    Str:  9    XL:     5   Next: 4%
Magic:  4/9        EV: 15    Int: 15    God:
Gold:   116        SH:  0    Dex: 14    Spells: 1 memorised, 8 levels left

rFire  . . .     SeeInvis .     d - +1 mace (venom)
rCold  . . .     Gourm    .     k - +0 leather armour (curse)
rNeg   . . .     Faith    .     (no shield)
rPois  .         Spirit   .     j - +0 hat
rElec  .         Dismiss  .     (no cloak)
rCorr  .         Reflect  .     (no gloves)
SustAt .         Harm     .     (no boots)
MR     .....                    (no amulet)
Stlth  +++.......               q - ring of stealth
                                l - +2 ring of evasion

@: not resistant to hostile enchantments, fairly stealthy
A: change form in water, swift swim
a: no special abilities


You were on level 3 of the Dungeon.
You were not hungry.

You visited 1 branch of the dungeon, and saw 3 of its levels.

You collected 116 gold pieces.

Inventory:

Hand Weapons
 d - a +1 mace of venom (weapon)
Armour
 a - a +0 robe
 j - a +0 hat (worn)
 k - a cursed +0 leather armour (worn)
Jewellery
 l - a +2 ring of evasion (left hand)
 m - an uncursed ring of sustain attributes
 q - a ring of stealth (right hand)
Scrolls
 e - 3 scrolls of identify {unknown}
 g - a scroll of magic mapping {unknown}
 n - a scroll of enchant weapon {unknown}
 o - a scroll of fear {unknown}
 p - a scroll of recharging {unknown}
Potions
 f - 3 potions of resistance
 i - 2 potions of haste
Books
 b - a book of Callings

   Spells                             Type                      Level
   a - Summon Small Mammal            Summoning                    1
   b - Call Imp                       Summoning                    2
   c - Call Canine Familiar           Summoning                    3
   d - Summon Guardian Golem          Hexes/Summoning              3
   e - Summon Lightning Spire         Summoning/Air                4
   f - Summon Ice Beast               Ice/Summoning                4
Comestibles
 c - 3 bread rations
 h - 6 fruits


   Skills:
 + Level 2.3 Fighting
 + Level 3.6 Dodging
 - Level 3.0 Stealth
 + Level 2.6 Spellcasting
 + Level 4.5 Summonings


You had 8 spell levels left.
You knew the following spells:

 Your Spells              Type           Power        Failure   Level  Hunger
a - Summon Small Mammal   Summ           ###.         6%          1    #......


Dungeon Overview and Level Annotations

Branches:
Dungeon (3/15)

Altars:
Pakellas

Shops:
D:2 }

Annotations:
D:3 Reyan's ghost, weakling FeSu; Robin


Message History

The white imp closely misses you. Reyan's ghost barely misses you.
You hit Reyan's ghost.
Reyan's ghost is almost destroyed.
Your bat barely misses Reyan's ghost. x2; Your bat misses Reyan's ghost.
The white imp misses you. Reyan's ghost hits you.
Casting: Summon Small Mammal
Confirm with . or Enter, or press ? or * to list all spells.
Your bat closely misses Reyan's ghost.
The white imp gestures at you. The puff of frost hits you!
* * * LOW HITPOINT WARNING * * *
Your bat barely misses Reyan's ghost.
Your rat misses the crimson imp.
Reyan's ghost whispers, "Be very very quiet, I'm hunting Merfolk."
Reyan's ghost completely misses you. The crimson imp hits you.
* * * LOW HITPOINT WARNING * * *
Your bat misses Reyan's ghost.
Your bat closely misses the crimson imp. x2
The white imp gestures at you. The puff of frost hits you!
You die...

#).†.##.###)#####....#
#.##.##.###<...#####.#
#.##.##......#.# #.#
#.......####.#.### #.#
####.##.##.......# #.#
#.......#.#.#.# #.#
####.##.#.#.#.###.#
#.#............#
#.....r.@#.#####
###...5..#.# ...
##.bW5...# ...
#..b##### ... #.5.#
#.. #...# ##..###
#...# . .....#####...#
. ##.#gg.............


You could see Reyan's ghost, 2 crimson imps, a white imp, 2 friendly bats and a
friendly rat.

Vanquished Creatures
  2 gnolls (D:3)
  5 adders (D:2)
  A dart slug (D:2)
  An orc (D:3)
  6 bats
  A giant cockroach (D:2)
  3 goblins
  5 hobgoblins
  9 jackals
  A quokka (D:2)
  2 ball pythons
  2 giant newts
  6 kobolds
  9 rats
53 creatures vanquished.

Vanquished Creatures (collateral kills)
  2 goblins (D:1)
  A kobold (D:1)
  A giant newt (D:1)
  A rat (D:1)
5 creatures vanquished.

Grand Total: 58 creatures vanquished

Notes
Turn   | Place    | Note
--------------------------------------------------------------
     0 | D:1      | Krapule the Merfolk Summoner began the quest for the Orb.
     0 | D:1      | Reached XP level 1. HP: 13/13 MP: 3/3
    93 | D:1      | Reached XP level 2. HP: 11/19 MP: 1/5
   689 | D:2      | Reached XP level 3. HP: 25/25 MP: 6/6
   882 | D:2      | Reached skill level 1 in Fighting
   888 | D:2      | HP: 1/39 [poisoned by an adder]
   894 | D:2      | HP: 1/39 [poisoned by an adder]
  1255 | D:2      | Found an oddly glowing altar of Pakellas.
  1255 | D:2      | Found Pakellas's Prime Provisions.
  1432 | D:2      | Reached XP level 4. HP: 14/32 MP: 7/7
  1954 | D:3      | Noticed Robin
  1957 | D:3      | Noticed Reyan's ghost (weakling FeSu)
  2057 | D:3      | Reached XP level 5. HP: 19/38 MP: 7/9
  2335 | D:3      | Noticed an orc warrior
  2356 | D:3      | Killed from afar by a white imp

Skill      XL: |  1  2  3  4 |
---------------+-------------+-----
Dodging        | 3 |  3.6
Fighting       | 1 2 |  2.3
Stealth        | 3 |  3.0
Spellcasting   | |  2.6
Summonings     | |  4.5

Action                   |  1- 3 |  4- 6 || total
-------------------------+-------+-------++-------
Melee: Mace              |    86 |    57 ||   143
       Unarmed           |     3 |       ||     3
 Cast: Summon Small Mamm |    11 |     6 ||    17
  Use: Potion            |     4 |       ||     4
 Stab: Sleeping          |     3 |     1 ||     4
  Eat: Chunk             |     2 |     3 ||     5
Armor: Robe              |    10 |       ||    10
       Leather armour    |    10 |    14 ||    24
       Skin              |     6 |       ||     6
Dodge: Dodged            |   104 |    64 ||   168
